[Event "1000GM Schev-C-C February 2024"]
[Site "Santa Clara"]
[Date "2024.02.24"]
[Round "1.1"]
[White "Ganesan, Vikrant"]
[Black "Vasquez Ramirez, Rocio"]
[Result "1/2-1/2"]
[ECO "A26"]
[WhiteElo "1870"]
[BlackElo "1999"]
[Annotator "RC"]
[PlyCount "51"]
[EventDate "2024.02.13"]
[EventType "schev"]
[EventCountry "USA"]
[SourceTitle "playchess.com"]
[Source "ChessBase"]
[SourceQuality "1"]
[TimeControl "5400+30"]

1. c4 Nf6 2. Nc3 g6 3. e4 d6 4. g3 Bg7 5. Bg2 O-O 6. Nge2 e5 7. O-O Be6 8. d3 Qd7 9. f4 Nc6 10. Nd5 exf4 11. Ndxf4 Bg4 12. h3 Bxe2 13. Nxe2 Ne5 14. b3 c5 15. Bb2 b5 16. Qd2 Ne8 17. Rad1 Rb8 18. cxb5 Qxb5 19. Ba1 Nc7 20. d4 cxd4 21. Nxd4 Qb6 22. Kh2 Rbd8 23. Bc3 Nb5 24. Nxb5 Qxb5 25. Bd4 a5 26. Qe3 1/2-1/2

[Event "1000GM Schev-C-C February 2024"]
[Site "Santa Clara"]
[Date "2024.02.24"]
[Round "1.2"]
[White "Yang, Maxwell"]
[Black "Pinzon, Jairo David"]
[Result "0-1"]
[ECO "D31"]
[WhiteElo "1946"]
[BlackElo "2114"]
[Annotator "RC"]
[PlyCount "76"]
[EventDate "2024.02.13"]
[EventType "schev"]
[EventCountry "USA"]
[SourceTitle "playchess.com"]
[Source "ChessBase"]
[SourceQuality "1"]
[TimeControl "5400+30"]

1. d4 d5 2. c4 e6 3. Nc3 c6 4. Nf3 dxc4 5. a4 Bb4 6. Bd2 a5 7. e3 b5 8. axb5 Bxc3 9. Bxc3 cxb5 10. b3 Bb7 11. bxc4 b4 12. Bb2 Nf6 13. c5 O-O 14. Bb5 Qd5 15. O-O Ne4 16. Rc1 Ng5 17. c6 Nxf3+ 18. Qxf3 Qxb5 19. cxb7 Ra7 20. Rc7 a4 21. Rfc1 Nd7 22. d5 e5 23. d6 a3 24. Bxe5 Nxe5 25. Qf5 g6 26. b8=Q Rxb8 27. Qh3 Raa8 28. R7c5 Qxc5 29. Rxc5 a2 30. g3 a1=Q+ 31. Kg2 Nd3 32. Rd5 Ne1+ 33. Kf1 Nf3+ 34. Kg2 Qg1+ 35. Kxf3 Qh1+ 36. Qg2 Qxg2+ 37. Kxg2 b3 38. d7 b2 0-1

[Event "1000GM Schev-C-C February 2024"]
[Site "Santa Clara"]
[Date "2024.02.24"]
[Round "1.3"]
[White "Wu, Jayden"]
[Black "Zapata Campos, Lidia Karen"]
[Result "1/2-1/2"]
[ECO "B43"]
[WhiteElo "1814"]
[BlackElo "2025"]
[Annotator "RC"]
[PlyCount "165"]
[EventDate "2024.02.13"]
[EventType "schev"]
[EventCountry "USA"]
[SourceTitle "playchess.com"]
[Source "ChessBase"]
[SourceQuality "1"]
[TimeControl "5400+30"]

1. e4 c5 2. Nf3 a6 3. d4 cxd4 4. Nxd4 e6 5. Nc3 b5 6. Be3 Qc7 7. Qd2 Bb4 8. a3 Bxc3 9. Qxc3 Qxc3+ 10. bxc3 Nf6 11. e5 Nd5 12. Bd2 Nb6 13. f4 Bb7 14. Bd3 O-O 15. O-O Rc8 16. f5 Na4 17. fxe6 dxe6 18. Rf2 Nd7 19. Re1 g6 20. Nf3 Rc5 21. Ng5 Rf8 22. Be4 Bxe4 23. Nxe4 Rxe5 24. Bh6 Rc8 25. Rxf7 Kxf7 26. Nd6+ Kf6 27. Rf1+ Rf5 28. Nxc8 Rxf1+ 29. Kxf1 g5 30. h4 gxh4 31. Bd2 Ne5 32. Nd6 Nc5 33. Be3 Ned7 34. c4 Ke7 35. Nc8+ Kd8 36. Nb6 Nxb6 37. cxb5 Nba4 38. bxa6 Nxa6 39. Kf2 Kd7 40. Kf3 Kd6 41. Kg4 Nc7 42. Kxh4 Nb5 43. Kh5 Nxa3 44. Kh6 Nxc2 45. Bd2 e5 46. Kxh7 Nc5 47. Kh6 Nb3 48. Bg5 e4 49. Bf4+ Ke6 50. g4 Nbd4 51. g5 e3 52. Bxe3 Nxe3 53. g6 Kf6 54. g7 Ndf5+ 55. Kh5 Nxg7+ 56. Kh4 Ngf5+ 57. Kh5 Nd6 58. Kh4 Ne4 59. Kh5 Ng3+ 60. Kh4 Ngf5+ 61. Kh5 Ng3+ 62. Kh4 Ne4 63. Kh5 Kf5 64. Kh4 Nd5 65. Kh5 Ndf6+ 66. Kh4 Kf4 67. Kh3 Ng4 68. Kh4 Ng3 69. Kh3 Ne3 70. Kh4 Ng2+ 71. Kh3 Kf3 72. Kh2 Ne2 73. Kh3 Ng1+ 74. Kh2 Kf2 75. Kh1 Nf4 76. Kh2 Nf3+ 77. Kh1 Ng5 78. Kh2 Ne2 79. Kh1 Ng1 80. Kh2 Ne2 81. Kh1 Nf4 82. Kh2 Ne2 83. Kh1 1/2-1/2

[Event "1000GM Schev-C-C February 2024"]
[Site "Santa Clara"]
[Date "2024.02.24"]
[Round "1.4"]
[White "Montes Orozco, Miguel Angel"]
[Black "Fan, Shengjie"]
[Result "1-0"]
[ECO "D32"]
[WhiteElo "2178"]
[BlackElo "1578"]
[Annotator "RC"]
[PlyCount "117"]
[EventDate "2024.02.13"]
[EventType "schev"]
[EventCountry "USA"]
[SourceTitle "playchess.com"]
[Source "ChessBase"]
[SourceQuality "1"]
[TimeControl "5400+30"]

1. Nf3 d5 2. e3 Nf6 3. c4 e6 4. Nc3 c5 5. cxd5 exd5 6. d4 a6 7. Be2 Nc6 8. O-O Bd6 9. b3 O-O 10. h3 h6 11. Bb2 Be6 12. Rc1 cxd4 13. Nxd4 Nxd4 14. Qxd4 Rc8 15. Na4 Qe7 16. Nb6 Rc5 17. Bf3 Rd8 18. Rfd1 Qf8 19. Qd3 Qe7 20. Bd4 Rc7 21. Rxc7 Bxc7 22. Bxf6 Qxf6 23. Nxd5 Bxd5 24. Bxd5 Qe5 25. Qc4 Kh8 26. Rd4 Bb6 27. Rd2 Bc7 28. g3 Bb6 29. Kg2 Qe7 30. Rc2 Kg8 31. Qe4 Qxe4+ 32. Bxe4 g6 33. Bxb7 a5 34. Rc6 Ba7 35. Ra6 Bb8 36. Rxa5 Rd7 37. Bc6 Rc7 38. Ra8 Rc8 39. Kf3 Kg7 40. Ke4 Rxc6 41. Rxb8 Rc2 42. a4 Rxf2 43. a5 Ra2 44. b4 Ra3 45. Rb6 Kf8 46. a6 Ra4 47. Kf3 Kg7 48. b5 Rc4 49. a7 Ra4 50. Ra6 Rxa6 51. bxa6 Kf6 52. a8=Q Ke7 53. Qc6 Kf8 54. Qf6 Ke8 55. Qd6 f5 56. Qc7 g5 57. a7 g4+ 58. Kf4 gxh3 59. a8=R# 1-0

[Event "1000GM Schev-C-C February 2024"]
[Site "Santa Clara"]
[Date "2024.02.24"]
[Round "1.5"]
[White "Garcia Lopez, Miguel Angel"]
[Black "Yuan, Serena"]
[Result "1/2-1/2"]
[ECO "B33"]
[WhiteElo "2262"]
[BlackElo "1771"]
[Annotator "RC"]
[PlyCount "120"]
[EventDate "2024.02.13"]
[EventType "schev"]
[EventCountry "USA"]
[SourceTitle "playchess.com"]
[Source "ChessBase"]
[SourceQuality "1"]
[TimeControl "5400+30"]

1. e4 c5 2. Nf3 Nc6 3. d4 cxd4 4. Nxd4 Nf6 5. Nc3 e5 6. Ndb5 d6 7. Bg5 a6 8. Na3 b5 9. Nab1 Be7 10. Bxf6 Bxf6 11. a4 b4 12. Nd5 O-O 13. Bc4 Bg5 14. O-O Rb8 15. Qd3 a5 16. b3 Kh8 17. Nd2 f5 18. exf5 Bxf5 19. Ne4 Nd4 20. f3 Qd7 21. Rad1 Qa7 22. Kh1 Bg6 23. c3 Bxe4 24. Qxe4 bxc3 25. Nxc3 Qc5 26. Qd3 Bf4 27. g3 Bh6 28. Qe4 Nxb3 29. Bxb3 Rxb3 30. Nb5 Rb4 31. Qd5 Rxa4 32. Nxd6 Qxd5 33. Rxd5 Rd4 34. Rd1 Rxd1+ 35. Rxd1 g6 36. Kg2 Kg8 37. Ra1 Ra8 38. Nc4 a4 39. Nb6 Ra6 40. Nxa4 Bd2 41. Ra2 Bb4 42. Nc3 Rxa2+ 43. Nxa2 Bd2 44. Kf2 Kf7 45. Ke2 Ba5 46. Kd3 Ke6 47. Ke4 Bd2 48. Kd3 Ba5 49. Nc1 Kf5 50. Ne2 h5 51. h3 Bb4 52. g4+ Kg5 53. Ke4 Bd6 54. Ng3 Kh4 55. gxh5 Kxg3 56. hxg6 Bf8 57. Kxe5 Kxf3 58. Kf6 Kg3 59. Kf7 Bh6 60. Kg8 Kxh3 1/2-1/2

[Event "1000GM Schev-C-C February 2024"]
[Site "Santa Clara"]
[Date "2024.02.24"]
[Round "2.1"]
[White "Pinzon, Jairo David"]
[Black "Ganesan, Vikrant"]
[Result "1-0"]
[ECO "A18"]
[WhiteElo "2114"]
[BlackElo "1870"]
[Annotator "ChessBase"]
[PlyCount "63"]
[EventDate "2024.02.13"]
[EventType "schev"]
[EventCountry "USA"]
[SourceTitle "playchess.com"]
[Source "ChessBase"]
[SourceQuality "1"]
[TimeControl "5400+30"]

1. c4 Nf6 2. Nc3 e6 3. e4 d5 4. e5 d4 5. exf6 dxc3 6. bxc3 Qxf6 7. Nf3 e5 8. d4 exd4 9. cxd4 Bb4+ 10. Bd2 Bxd2+ 11. Qxd2 O-O 12. Be2 b6 13. O-O Bb7 14. a4 Nc6 15. d5 Rad8 16. Rfd1 Rfe8 17. Rab1 Na5 18. Qb2 Qxb2 19. Rxb2 Ba6 20. Rc2 Kf8 21. h3 Rxe2 22. Rxe2 Bxc4 23. Red2 Bb3 24. Rc1 Bxa4 25. Rxc7 a6 26. Ng5 Rd7 27. d6 g6 28. Nxh7+ Kg7 29. Ng5 Nb7 30. Rb2 Nc5 31. Rxb6 Kf6 32. Rxc5 1-0

[Event "1000GM Schev-C-C February 2024"]
[Site "Santa Clara"]
[Date "2024.02.24"]
[Round "2.2"]
[White "Zapata Campos, Lidia Karen"]
[Black "Yang, Maxwell"]
[Result "0-1"]
[ECO "B91"]
[WhiteElo "2025"]
[BlackElo "1946"]
[Annotator "ChessBase"]
[PlyCount "56"]
[EventDate "2024.02.13"]
[EventType "schev"]
[EventCountry "USA"]
[SourceTitle "playchess.com"]
[Source "ChessBase"]
[SourceQuality "1"]
[TimeControl "5400+30"]

1. e4 c5 2. Nf3 d6 3. d4 cxd4 4. Nxd4 Nf6 5. Nc3 a6 6. g3 e5 7. Nde2 Be7 8. Bg2 O-O 9. a4 Be6 10. O-O Nbd7 11. h3 Rc8 12. Be3 Qc7 13. g4 h6 14. Ng3 Nb6 15. Nf5 Bxf5 16. gxf5 Rfd8 17. Qe2 d5 18. a5 Nc4 19. Nxd5 Nxd5 20. exd5 Nxe3 21. fxe3 Qxc2 22. Qg4 Bf6 23. Qb4 Qe2 24. Rae1 Qd3 25. Rf2 Bg5 26. Rfe2 Rc1 27. Qe4 Qxe2 28. Rxc1 Qxe3+ 0-1

[Event "1000GM Schev-C-C February 2024"]
[Site "Santa Clara"]
[Date "2024.02.24"]
[Round "2.3"]
[White "Montes Orozco, Miguel Angel"]
[Black "Wu, Jayden"]
[Result "1-0"]
[ECO "A17"]
[WhiteElo "2178"]
[BlackElo "1814"]
[Annotator "RC"]
[PlyCount "73"]
[EventDate "2024.02.13"]
[EventType "schev"]
[EventCountry "USA"]
[SourceTitle "playchess.com"]
[Source "ChessBase"]
[SourceQuality "1"]
[TimeControl "5400+30"]

1. Nf3 d5 2. e3 Nf6 3. c4 e6 4. Nc3 Bd6 5. b3 O-O 6. Bb2 Re8 7. d4 b6 8. Bd3 Bb7 9. cxd5 exd5 10. O-O Nbd7 11. Nb5 Bf8 12. Rc1 c6 13. Nc3 a6 14. Ne2 c5 15. Ng3 Ne4 16. dxc5 Ndxc5 17. Bb1 a5 18. Re1 Nxg3 19. hxg3 Ne4 20. Nd4 Rc8 21. Qd3 g6 22. Rxc8 Qxc8 23. Ne2 Bd6 24. Nf4 Qf5 25. Qb5 Qc8 26. Nxd5 Bc6 27. Qd3 Bc5 28. Qc4 Bxd5 29. Qxd5 Qe6 30. Rd1 Qxd5 31. Rxd5 Nd6 32. g4 Kf8 33. Bd3 Ke7 34. g5 Nb7 35. Bb5 Rb8 36. Bf6+ Ke6 37. e4 1-0

[Event "1000GM Schev-C-C February 2024"]
[Site "Santa Clara"]
[Date "2024.02.24"]
[Round "2.4"]
[White "Fan, Shengjie"]
[Black "Garcia Lopez, Miguel Angel"]
[Result "0-1"]
[ECO "C55"]
[WhiteElo "1578"]
[BlackElo "2262"]
[Annotator "TA"]
[PlyCount "70"]
[EventDate "2024.02.13"]
[EventType "schev"]
[EventCountry "USA"]
[SourceTitle "playchess.com"]
[Source "ChessBase"]
[SourceQuality "1"]
[TimeControl "5400+30"]

1. e4 e5 2. Nf3 Nc6 3. Bc4 Nf6 4. d3 Be7 5. O-O O-O 6. Re1 d6 7. a4 Bg4 8. c3 Kh8 9. h3 Bh5 10. Bg5 {[%emt 0:00:00] White is slightly better.} Nd7 11. Bxe7 Qxe7 12. Nbd2 Bg6 13. d4 f5 (13... exd4 $11 14. Nxd4 (14. cxd4 a5 $14) 14... a5) 14. exf5 $16 Bxf5 15. Nf1 (15. a5 $16) 15... Qf6 $11 16. N1h2 Rae8 17. Re2 Ne7 ({Black should play} 17... e4 $15 18. Nd2 Qg6) 18. Bd3 Ng6 {[%emt 0:01:34] [#] Threatens to win with ...e4.} 19. Bxf5 (19. Ng4 $11 {was preferrable.} Qe6 20. Ng5) 19... Qxf5 $15 20. dxe5 {[%emt 0:00:00] Strongly threatening Nd4.} Ndxe5 21. Nxe5 dxe5 22. Rd2 Qg5 {[%emt 0:01:26] ...Nf4 is the strong threat.} 23. Rd3 e4 24. Rg3 Qf5 25. Qd2 Nf4 26. Ng4 Rd8 27. Qc2 Nd3 28. Rf1 Rf7 29. Ne3 Qc5 30. Qb3 (30. b4 $11 {remains equal.} Qe5 31. Nc4) 30... Rdf8 $17 {[%emt 0:04:05] Black has more active pieces.} 31. Qc2 {[%emt 0:00:37] Now White is beyond hope.} (31. Qxb7 $17 c6 (31... Nxf2 32. Qb5 $15) (31... Rxf2 32. Rxf2 Nxf2 33. Qb4 $11) 32. Qa6) 31... Qe5 $19 ({Don't do} 31... Rxf2 32. Rxf2 Rxf2 33. Qb3) 32. Qe2 Nxf2 (32... Rxf2 33. Rxf2 Rxf2 34. Qg4 $14) 33. Rg4 (33. Kh2) 33... Nxg4 34. Rxf7 {[%emt 0:00:07] [#]} (34. hxg4 $19 Rxf1+ 35. Nxf1) 34... Qh2+ 35. Kf1 Qh1# {[%emt 0:00:06] Weighted Error Value: White=0.62/Black=0.26 (precise) .  Mistake:       	White=6     	Black=2      Inaccurate:     	White=6     	Black=3      OK:         	White=6     	Black=8      Best:        	White=1     	Black=1} 0-1

[Event "1000GM Schev-C-C February 2024"]
[Site "Santa Clara"]
[Date "2024.02.24"]
[Round "2.5"]
[White "Yuan, Serena"]
[Black "Vasquez Ramirez, Rocio"]
[Result "1/2-1/2"]
[ECO "E65"]
[WhiteElo "1771"]
[BlackElo "1999"]
[Annotator "ChessBase"]
[PlyCount "62"]
[EventDate "2024.02.13"]
[EventType "schev"]
[EventCountry "USA"]
[SourceTitle "playchess.com"]
[Source "ChessBase"]
[SourceQuality "1"]
[TimeControl "5400+30"]

1. d4 Nf6 2. Nf3 g6 3. g3 Bg7 4. Bg2 O-O 5. O-O d6 6. c4 Nbd7 7. Nc3 c5 8. d5 a6 9. Qc2 Rb8 10. a4 Ne8 11. b3 Nc7 12. Bb2 b5 13. axb5 axb5 14. Nd1 bxc4 15. bxc4 Bxb2 16. Nxb2 Na6 17. Nd3 Nb4 18. Qc3 Nxd3 19. Qxd3 Rb4 20. Rfb1 Qb6 21. Rxb4 cxb4 22. Qd4 Nc5 23. Nd2 b3 24. Rb1 Qb4 25. Nxb3 Nxb3 26. Qd3 Ba6 27. Qxb3 Qxb3 28. Rxb3 Bxc4 29. Rb2 Ra8 30. h4 Ra1+ 31. Kh2 Ra2 1/2-1/2

[Event "1000GM Schev-C-C February 2024"]
[Site "Santa Clara"]
[Date "2024.02.25"]
[Round "3.1"]
[White "Ganesan, Vikrant"]
[Black "Zapata Campos, Lidia Karen"]
[Result "0-1"]
[ECO "E90"]
[WhiteElo "1870"]
[BlackElo "2025"]
[Annotator "RC"]
[PlyCount "62"]
[EventDate "2024.02.13"]
[EventType "schev"]
[EventCountry "USA"]
[SourceTitle "playchess.com"]
[Source "ChessBase"]
[SourceQuality "1"]
[TimeControl "5400+30"]

1. c4 Nf6 2. Nc3 g6 3. e4 d6 4. d4 Bg7 5. h3 O-O 6. Be3 Nbd7 7. Nf3 c5 8. d5 b6 9. Be2 Ne8 10. O-O a6 11. a4 Qc7 12. Nd2 e6 13. f4 Bd4 14. Bxd4 cxd4 15. Na2 a5 16. dxe6 fxe6 17. e5 dxe5 18. Bf3 Ra7 19. fxe5 Nxe5 20. Nb3 Nxf3+ 21. Rxf3 Rxf3 22. Qxf3 Qg7 23. Qc6 Qd7 24. Qe4 Rc7 25. Nxd4 Rxc4 26. Rd1 Bb7 27. Qg4 Nf6 28. Qxe6+ Qxe6 29. Nxe6 Rc2 30. g4 Bd5 31. Rf1 Rg2+ 0-1

[Event "1000GM Schev-C-C February 2024"]
[Site "Santa Clara"]
[Date "2024.02.25"]
[Round "3.2"]
[White "Yang, Maxwell"]
[Black "Montes Orozco, Miguel Angel"]
[Result "1/2-1/2"]
[ECO "A61"]
[WhiteElo "1946"]
[BlackElo "2178"]
[Annotator "RC"]
[PlyCount "86"]
[EventDate "2024.02.13"]
[EventType "schev"]
[EventCountry "USA"]
[SourceTitle "playchess.com"]
[Source "ChessBase"]
[SourceQuality "1"]
[TimeControl "5400+30"]

1. d4 Nf6 2. c4 e6 3. Nc3 c5 4. d5 exd5 5. cxd5 g6 6. Nf3 d6 7. Nd2 Bg7 8. Nc4 O-O 9. Bg5 h6 10. Bh4 b6 11. a4 Ba6 12. e3 Qe7 13. Be2 Nbd7 14. O-O Rfd8 15. Qd2 Bxc4 16. Bxc4 g5 17. Bg3 Nh5 18. a5 Rdb8 19. Nb5 Nxg3 20. hxg3 Ne5 21. Be2 a6 22. Nc3 b5 23. f4 Nd7 24. Bg4 Nf6 25. Bf5 Re8 26. Rae1 b4 27. Na4 Ne4 28. Bxe4 Qxe4 29. Nb6 Ra7 30. Qe2 b3 31. Qc4 Bxb2 32. Qxb3 Bg7 33. Nc4 Rd7 34. Nb6 Rdd8 35. Qc4 Qxc4 36. Nxc4 Re4 37. Rc1 Kf8 38. Rc2 gxf4 39. Rxf4 Re7 40. Kf2 Rb7 41. Nb6 Ke7 42. Rg4 Bf6 43. Re4+ Kf8 1/2-1/2

[Event "1000GM Schev-C-C February 2024"]
[Site "Santa Clara"]
[Date "2024.02.25"]
[Round "3.3"]
[White "Garcia Lopez, Miguel Angel"]
[Black "Wu, Jayden"]
[Result "0-1"]
[ECO "B86"]
[WhiteElo "2262"]
[BlackElo "1814"]
[Annotator "TA"]
[PlyCount "78"]
[EventDate "2024.02.13"]
[EventType "schev"]
[EventCountry "USA"]
[SourceTitle "playchess.com"]
[Source "ChessBase"]
[SourceQuality "1"]
[TimeControl "5400+30"]

1. e4 c5 2. Nf3 d6 3. Nc3 Nf6 4. Bc4 e6 5. d4 cxd4 6. Nxd4 a6 7. Bb3 Nbd7 8. Bg5 Nc5 9. f4 Be7 10. Qe2 h6 11. Bxf6 Bxf6 12. O-O-O Qc7 13. Kb1 Nxb3 (13... O-O $15) 14. cxb3 O-O 15. g4 {[%emt 0:01:02] The position is equal.} b5 16. h4 {[%emt 0:01:56] With the idea g5.} Bxd4 (16... Qc5 $11 17. Nc2 Bb7) 17. Rxd4 $16 e5 (17... Bb7 $142) 18. Nd5 Qb7 19. Rd2 ({White should play} 19. Rdd1 $16) 19... exf4 $14 20. g5 {[%emt 0:00:15] aiming for gxh6.} (20. Nxf4 $2 Bxg4 21. Qg2 Rae8 22. Rxd6 Qxe4+ 23. Qxe4 Rxe4 $19) 20... Re8 {[%emt 0:05:55] White must now prevent ...Bf5.} 21. gxh6 (21. Nxf4 $2 Rxe4 (21... Qxe4+ $2 22. Qxe4 Rxe4 23. Nd5 $19) 22. Qh2 Rxf4 23. gxh6 gxh6 $19) 21... Bf5 22. hxg7 $2 {[%emt 0:03:45][%mdl 8192] Black converts the advantage convincingly.} (22. Nxf4 $2 Rxe4 (22... Qxe4+ $2 23. Qxe4 Bxe4+ 24. Ka1 $19) 23. Qd3 Rxf4 $19) (22. Ka1 $1 $11 Bxe4 (22... gxh6 $2 23. Qg2+ Bg6 24. h5 $18) 23. Qg4) 22... Rxe4 $19 23. Nf6+ Kxg7 24. Qg2+ Kxf6 25. Ka1 d5 26. Rhd1 Rc8 {[%emt 0:00:43] Threatens to win with ...Qc7.} 27. Qg5+ Ke6 28. Qg7 Qc6 {[%emt 0:01:53][%cal Oc6c1] ( -> ...Qc1+!)} 29. a3 {[%emt 0:00:44] [#]} Qc1+ $3 30. Ka2 {[%emt 0:00:18] [#]} (30. Rxc1 Rxc1+) 30... Re1 $1 31. Qd4 {[%emt 0:03:27] [#]} (31. Rxc1 Rcxc1) 31... Be4 32. Qb6+ Kf5 33. Qd4 Rxd1 34. Rxd1 Qe3 35. Qg7 Ke6 (35... Rc1 $142 36. Qxf7+ Kg4 37. Qg7+ Kh3 (37... Kxh4 38. Rxc1 Qxc1 39. Qh6+ Kg4 40. Qg7+ Kh3 41. Qc3+ Qxc3 42. bxc3 f3 43. a4 f2 44. a5 f1=Q 45. Ka3 b4+ 46. Kxb4 Qf8+ 47. Ka4 Bc2 48. c4 Qb8 49. cxd5 Qxb3#) 38. Rxc1 Qxc1 39. Qc3+ Qxc3 (39... Kxh4 $2 {loses.} 40. Qxc1 Kg5 41. b4 $18) 40. bxc3 f3 (40... Kxh4 {leads to mate.} 41. a4 f3 42. axb5 f2 43. Ka3 f1=Q 44. bxa6 Qxa6+ 45. Kb4 Qd6+ 46. Ka5 Qc5+ 47. Ka4 d4 48. b4 Bc2+ 49. Ka3 Qxc3+ 50. Ka2 Qb3+ 51. Ka1 Qb1#) 41. Kb2 f2 (41... Kxh4 42. c4 d4 43. cxb5 axb5 44. a4 b4 45. Kc1 f2 46. Kd2 f1=Q 47. a5 Kg3 48. a6 Kf2 49. a7 Qe1#) 42. a4 a5 (42... f1=B $2 43. h5 $19) (42... f1=Q 43. a5 Qf6 44. Ka3 Qxc3 45. h5 b4+ 46. Ka4 d4 47. h6 Bc6#) 43. Kc1 f1=Q+ (43... f1=R+ $2 44. Kd2 $19) 44. Kd2 Qf2+ (44... Kxh4 45. Ke3 Qd3+ 46. Kf2 Qd2+ 47. Kf1 Kg3 48. axb5 Qf2#) 45. Kd1 Qc2+ (45... Qxh4 46. Ke2 Kg2 47. Kd1 Qf2 48. axb5 Kf1 49. c4 Qe1#) 46. Ke1 Bd3 47. axb5 Qe2#) 36. Qg4+ Bf5 {[%emt 0:00:13] Black mates.} 37. Qg2 f3 38. Qg3 Rc1 39. Qb8 Bb1+ {[%emt 0:00:13] Weighted Error Value: White=0.91/Black=0.13 (very precise) .  Loses game:     	White=1     	---        Mistake:       	White=1     	Black=3      Inaccurate:     	White=1     	---        OK:         	White=4     	Black=3      Best:        	White=1     	Black=3} (39... Rxd1 40. Qe8+ Kf6 41. Qxe3 Bb1+ 42. Ka1 Be4+ 43. Ka2 $19) 0-1

[Event "1000GM Schev-C-C February 2024"]
[Site "Santa Clara"]
[Date "2024.02.25"]
[Round "3.4"]
[White "Vasquez Ramirez, Rocio"]
[Black "Fan, Shengjie"]
[Result "1/2-1/2"]
[ECO "B24"]
[WhiteElo "1999"]
[BlackElo "1578"]
[Annotator "RC"]
[PlyCount "90"]
[EventDate "2024.02.13"]
[EventType "schev"]
[EventCountry "USA"]
[SourceTitle "playchess.com"]
[Source "ChessBase"]
[SourceQuality "1"]
[TimeControl "5400+30"]

1. e4 c5 2. Nc3 Nc6 3. g3 g6 4. Bg2 Bg7 5. Nge2 e6 6. d3 Nge7 7. Be3 b6 8. d4 cxd4 9. Nxd4 a6 10. O-O O-O 11. Nde2 Bb7 12. Na4 Nc8 13. c4 d6 14. Nac3 Qe7 15. Rc1 Ra7 16. h3 Ba8 17. Qd2 Rd7 18. Nd4 Re8 19. Rfe1 Qf8 20. Rcd1 h6 21. Qc2 Nxd4 22. Bxd4 Bxd4 23. Rxd4 Bc6 24. Red1 Red8 25. Qb3 Qe7 26. Qa3 Bb7 27. e5 Bxg2 28. Kxg2 a5 29. Ne4 Kh8 30. exd6 Qf8 31. Qc3 Qg7 32. Qd2 f5 33. Nc3 Rxd6 34. Rxd6 Rxd6 35. Qe2 Rxd1 36. Qxd1 Qe7 37. f4 Kh7 38. Qe2 Qd6 39. Nb5 Qc6+ 40. Kh2 Qc5 41. Kg2 Qc6+ 42. Kh2 Qc5 43. b3 Nd6 44. Nxd6 Qxd6 45. Qb2 Qc5 1/2-1/2

[Event "1000GM Schev-C-C February 2024"]
[Site "Santa Clara"]
[Date "2024.02.25"]
[Round "3.5"]
[White "Yuan, Serena"]
[Black "Pinzon, Jairo David"]
[Result "1/2-1/2"]
[ECO "A43"]
[WhiteElo "1771"]
[BlackElo "2114"]
[Annotator "RC"]
[PlyCount "60"]
[EventDate "2024.02.13"]
[EventType "schev"]
[EventCountry "USA"]
[SourceTitle "playchess.com"]
[Source "ChessBase"]
[SourceQuality "1"]
[TimeControl "5400+30"]

1. d4 c5 2. d5 b5 3. e4 a6 4. c4 b4 5. a3 bxa3 6. Rxa3 g6 7. Nf3 d6 8. Bd2 Bg7 9. Bc3 Nf6 10. Bd3 O-O 11. O-O e5 12. dxe6 Bxe6 13. Re1 Nc6 14. Bf1 Re8 15. Nbd2 Qc7 16. Qa1 Qb7 17. b3 Nh5 18. Bxg7 Nxg7 19. g3 Bg4 20. Bg2 Bxf3 21. Nxf3 Ne5 22. Rd1 Qb6 23. Rd2 Ne6 24. Rda2 Nxf3+ 25. Bxf3 Nd4 26. Bg2 a5 27. Qc3 Ra7 28. Bf3 Qb4 29. Qd3 Qe1+ 30. Kg2 Nxf3 1/2-1/2

[Event "1000GM Schev-C-C February 2024"]
[Site "Santa Clara"]
[Date "2024.02.25"]
[Round "4.1"]
[White "Montes Orozco, Miguel Angel"]
[Black "Ganesan, Vikrant"]
[Result "1-0"]
[ECO "E00"]
[WhiteElo "2178"]
[BlackElo "1870"]
[Annotator "RC"]
[PlyCount "43"]
[EventDate "2024.02.13"]
[EventType "schev"]
[EventCountry "USA"]
[SourceTitle "playchess.com"]
[Source "ChessBase"]
[SourceQuality "1"]
[TimeControl "5400+30"]

1. d4 Nf6 2. c4 e6 3. a3 d5 4. Nc3 b6 5. cxd5 exd5 6. Nf3 Bd6 7. Bg5 Bb7 8. Qc2 O-O 9. e3 h6 10. Bh4 Be7 11. Bd3 c5 12. O-O Nc6 13. dxc5 bxc5 14. Rfd1 Nd7 15. Bg3 Nb6 16. Rd2 Bf6 17. Nb5 Na5 18. Nd6 Qd7 19. Re1 Rfd8 20. Ne5 Bxe5 21. Bxe5 Qe7 22. Bh7+ 1-0

[Event "1000GM Schev-C-C February 2024"]
[Site "Santa Clara"]
[Date "2024.02.25"]
[Round "4.2"]
[White "Garcia Lopez, Miguel Angel"]
[Black "Yang, Maxwell"]
[Result "1-0"]
[ECO "B87"]
[WhiteElo "2262"]
[BlackElo "1946"]
[Annotator "TA"]
[PlyCount "61"]
[EventDate "2024.02.13"]
[EventType "schev"]
[EventCountry "USA"]
[SourceTitle "playchess.com"]
[Source "ChessBase"]
[SourceQuality "1"]
[TimeControl "5400+30"]

1. e4 c5 2. Nf3 d6 3. Nc3 Nf6 4. Bc4 a6 5. d4 cxd4 6. Nxd4 e6 7. Bb3 b5 8. Bg5 Nbd7 9. O-O Nc5 10. Re1 Bb7 11. Bd5 {[%emt 0:00:13] [#] Threatens to win with Bxb7. White is more active.} Bxd5 (11... exd5 12. exd5+ Kd7 (12... Be7 $2 13. Bxf6 gxf6 14. Nf5 $18) 13. a3) (11... Be7 $16) 12. exd5 $18 e5 13. Nc6 {[%emt 0:02:45] Dodges Be7} Qc7 {[%emt 0:01:33] White is winning.} 14. Bxf6 gxf6 15. b4 Nd7 16. Qf3 Rg8 17. Ne4 Rg6 18. h4 h5 19. a4 ({Not} 19. Qxh5 Nb6 20. Qf3 Nxd5 $18) 19... bxa4 20. c4 Bg7 21. c5 dxc5 22. bxc5 Kf8 {[%emt 0:00:17] [#]} 23. Ne7 $1 {[%emt 0:03:06][%mdl 512] A dynamic duo of knights.} Rg4 (23... Nxc5 24. Nxg6+) 24. d6 Qd8 25. c6 Nb6 26. c7 Qd7 27. Rab1 Rf4 28. Rxb6 {[%emt 0:00:49] White mates.} Rxf3 29. Rb8+ Qe8 30. Rxa8 Qxa8 31. gxf3 {[%emt 0:00:26] White took control after the opening.   Weighted Error Value: White=0.01 (flawless) /Black=0.83.  Inaccurate:     	---       	Black=1      OK:         	White=8     	Black=4} (31. c8=B $2 {too greedy.} Rd3 32. Bd7 a3 $19) 1-0